 Dungeon Crawl Stone Soup version 0.30.1-11-g7821555f0a (webtiles) character file.

Game seed: 3640432989676006050

130 Lutefisk the Trooper (level 5, -1/46 (48) HPs)
             Began as a Hill Orc Reaver on Nov 25, 2023.
             Slain by an adder (4 damage)
             ... on level 6 of the Dungeon.
             The game lasted 00:10:03 (943 turns).

Lutefisk the Trooper (Hill Orc Reaver)               Turns: 943, Time: 00:10:04

HP:   -1/46 (48)    AC:  3    Str: 15    XL:     5   Next: 14%
MP:   7/7           EV: 11    Int: 13    God:
Gold: 129           SH:  0    Dex: 11    Spells: 4/7 levels left

rFire   . . .        h - +0 dagger (venom)
rCold   . . .        (no shield)
rNeg    . . .        b - +0 leather armour
rPois   .            (no helmet)
rElec   .            (no cloak)
rCorr   .            (no gloves)
SInv    .            (no boots)
Will    .....        (no amulet)
Stlth   +            (no ring)
HPRegen 0.27/turn    (no ring)
MPRegen 0.10/turn

%: no passive effects
@: confused, mighty, lethally poisoned (-1 -> -6), lightly drained
A: no striking features
a: no special abilities


You were on level 6 of the Dungeon.
You visited 1 branch of the dungeon, and saw 7 of its levels.

You collected 129 gold pieces.

Inventory:

Hand Weapons
 a - a +0 hand axe
 h - a +0 dagger of venom (weapon)
Armour
 b - a +0 leather armour (worn)
Scrolls
 f - a scroll of fog {unknown}
 i - a scroll of identify {unknown}
 j - a scroll of vulnerability {unknown}
Potions
 c - a potion of degeneration {unknown}
 e - a potion of resistance {unknown}


   Skills:
 - Level 5.0 Fighting
 - Level 4.0 Axes
 - Level 2.0 Armour
 - Level 2.0 Dodging
 - Level 1.0 Stealth
 - Level 1.5 Spellcasting
 - Level 3.0 Conjurations
 * Level 0.7 Evocations


You had 4 spell levels left.
You knew the following spells:

 Your Spells              Type           Power      Damage    Failure   Level
a - Kiss of Death         Conj/Necr      16%        2d6       19%         1
b - Momentum Strike       Conj/Tloc      8%         3d8       26%         2

Your spell library contained the following spells:

 Spells                   Type           Power      Damage    Failure   Level
 Hailstorm                Conj/Ice       4%         3d4       47%         3


Dungeon Overview and Level Annotations

Branches:
Dungeon (7/15)             Temple (0/1) D:6

Altars:
Dithmenos
Makhleb
Yredelemnul

Shops:
D:3 (

Annotations:
D:6 Sigmund


Message History

Press: ? - help, v - describe, . - travel, g - get item
Here: a wight, wielding a +4 dagger and wearing a +0 robe Item here: a twisted falchion.
The floor.
An adder comes into view.
Found a staircase to the Ecumenical Temple.
Sigmund the Dreaded comes into view.
He is wielding a +0 scythe.
You hit the adder.
The adder is poisoned.
The adder is lightly wounded.
The adder barely misses you. The adder attacks as you move away!
The adder closely misses you. The adder bites you.
Sigmund gestures wildly while chanting.
Sigmund flickers and vanishes!
Deactivating autopickup; reactivate with Ctrl-A.
The adder attacks as you move away! The adder bites you but does no damage.
You are confused.
You bump into the rock wall.
The adder barely misses you. The adder bites you but does no damage.
The wight hits you from afar with a +4 spear of freezing!
You feel drained. The wight freezes you. The adder barely misses you.
The wight hits you from afar with a +4 spear of freezing.
The wight freezes you.
You bump into the rock wall.
The adder bites you.
You are poisoned.
The adder poisons you!
The wight hits you from afar with a +4 spear of freezing.
* * * LOW HITPOINT WARNING * * *
You feel drained.
* * * LOW HITPOINT WARNING * * *
The wight freezes you.
* * * LOW HITPOINT WARNING * * *
The adder barely misses you.
Unknown command.
It was a potion of might.
You feel very mighty all of a sudden.
* * * LOW HITPOINT WARNING * * *
You feel sick. The adder bites you.
You die...

#...# #..#...<..
#...#####..########
#.........#
#...####.... #...#
.. # ##.## #.#
.#### #.# ....
#@####..# .#
#Sz.....##.##.
#z.†....#.....
#.............
#.......#..⌠..
#.......#.....
#............>
#.......#.....
#.####.##..⌠..


You could see 2 wights and an adder (poisoned).

Vanquished Creatures
  An iguana (D:6)
  An orc wizard (D:6)
  An adder (D:6)
  2 gnolls (D:1)
  4 dart slugs
  3 orcs
  4 endoplasms
  3 hobgoblins
  4 jackals (D:2)
  7 bats
  2 frilled lizards
  A goblin (D:2)
  5 kobolds
  6 rats
44 creatures vanquished.

Notes
Turn   | Place    | Note
-------+----------+-------------------------------------------
     0 | D:1      | Lutefisk the Hill Orc Reaver began the quest for the Orb.
     0 | D:1      | Reached XP level 1. HP: 18/18 MP: 3/3
   140 | D:1      | Reached XP level 2. HP: 11/23 MP: 1/4
   151 | D:1      | Reached skill level 1 in Armour
   190 | D:2      | Reached XP level 3. HP: 19/30 MP: 5/5
   192 | D:2      | Reached skill level 1 in Stealth
   197 | D:2      | Reached skill level 3 in Fighting
   222 | D:2      | Learned a level 2 spell: Momentum Strike
   287 | D:2      | Found a shadowy altar of Dithmenos.
   597 | D:2      | Reached XP level 4. HP: 38/39 MP: 6/6
   607 | D:3      | Found Hasynuq's Antique Weapon Emporium.
   690 | D:3      | Found a burning altar of Makhleb.
   700 | D:4      | You fall into a shaft and drop 3 floors!
   727 | D:6      | Reached skill level 4 in Fighting
   777 | D:6      | Reached XP level 5. HP: 17/47 MP: 4/7
   804 | D:6      | Reached skill level 5 in Fighting
   831 | D:5      | Entered Level 5 of the Dungeon
   855 | D:6      | Found a basalt altar of Yredelemnul.
   928 | D:6      | Found a staircase to the Ecumenical Temple.
   929 | D:6      | Noticed Sigmund
   943 | D:6      | Slain by an adder

Illustrated notes

Levels and vault maps discovered:
D:1:      nicolae_arrival_somewhat_less_tricky_arrival, layout_basic,
          minmay_pentomino_p2
D:2:      layout_loops_ring, basic_altar
D:3:      layout_loops_ring, nicolae_overflow_quartered_altars, serial_shops,
          shop
D:4:      layout_basic
D:5:      layout_loops_ring, ebering_ghost_rock_garden,
          kennysheep_generic_room_10
D:6:      layout_rooms, pdpol_wu_jian_five_deadly_venoms, lemuel_doored_altar,
          minmay_temple_entry_large_hall, cheibrodos_sewer_entry_bend,
          uniq_crazy_yiuf_cottage, uniq_sigmund
D:7:      layout_loops_corners, st_stairs_10, skrybe_limestone_x,
          minmay_misc_feat_secret_circle

Skill      XL: |  1  2  3  4  5 |
---------------+----------------+-----
Armour         | 1 2 |  2.0
Stealth        | 1 |  1.0
Dodging        | 2 |  2.0
Fighting       | 3 4 5 |  5.0
Axes           | |  4.0
Spellcasting   | |  1.5
Conjurations   | |  3.0
Evocations     | |  0.7

Action                     |  1- 3 |  4- 6 || total
---------------------------+-------+-------++-------
  Melee: Hand axe          |   112 |    10 ||   122
         Dagger            |       |    20 ||    20
   Cast: Kiss of Death     |     2 |       ||     2
         Momentum Strike   |       |     1 ||     1
    Use: Scroll            |       |     1 ||     1
         Potion            |       |     1 ||     1
   Stab: Sleeping          |     1 |     1 ||     2
 Armour: Leather armour    |    37 |     5 ||    42
  Dodge: Dodged            |    75 |    21 ||    96
